 Dungeon Crawl Stone Soup version 0.28.0-43-g3370ac3207 (webtiles) character file.

Game seed: 17822730934998435163

1045 Ablot the Grasshopper (level 8, -10/63 HPs)
             Began as a Gnoll Warper on Mar 19, 2022.
             Was a Follower of Elyvilon.
             Killed by divine providence
             ... invoked by an orc priest
              (16 damage)
             ... on level 5 of the Dungeon.
             The game lasted 00:07:05 (7045 turns).

Ablot the Grasshopper (Gnoll Warper)                Turns: 7045, Time: 00:07:06

Health: -10/63     AC:  4    Str: 12    XL:     8   Next: 25%
Magic:  12/16      EV: 14    Int: 13    God:    Elyvilon [*.....]
Gold:   167        SH:  0    Dex: 12    Spells: 16/18 levels left

rFire   . . .      SeeInvis .   k - +2 short sword (elec)
rCold   . . .      Faith    .   (no shield)
rNeg    . . .      Spirit   .   b - +2 robe {Will+}
rPois   .          Reflect  .   (no helmet)
rElec   .          Harm     .   (no cloak)
rCorr   .          Rampage  .   (no gloves)
Will    +....                   (no boots)
Stlth   ++........              (no amulet)
HPRegen 0.20/turn               v - ring of wizardry
MPRegen 0.15/turn               (no ring)

@: no status effects
A: fangs 1, strong nose, distributed training
a: Renounce Religion, Purification


You were on level 5 of the Dungeon.
You worshipped Elyvilon.
Elyvilon was aware of your devotion.
You visited 1 branch of the dungeon, and saw 5 of its levels.

You collected 167 gold pieces.

Inventory:

Hand Weapons
 a - a +0 spear
 k - a +2 short sword of electrocution (weapon)
Missiles
 d - 5 boomerangs of dispersal
 g - 14 poisoned darts (quivered)
 h - 68 bolts
 n - 40 sling bullets
 o - 76 stones
 A - 29 arrows
Armour
 b - a +2 robe of willpower (worn)
Jewellery
 v - a ring of wizardry (left hand)
Wands
 B - a wand of mindburst (11)
Scrolls
 c - a scroll of blinking
 f - 3 scrolls of identify {unknown}
 l - 2 scrolls of fear {unknown}
 p - a scroll of enchant weapon {unknown}
 r - 2 scrolls of magic mapping {unknown}
 x - a scroll of teleportation {unknown}
 y - a scroll of enchant armour {unknown}
 z - a scroll of acquirement {unknown}
Potions
 e - a potion of magic {unknown}
 i - 2 potions of attraction {unknown}
 j - a potion of mutation {unknown}
 q - a potion of brilliance {unknown}
 s - a potion of ambrosia {unknown}
 t - 5 potions of curing {unknown}
 u - a potion of lignification {unknown}
 w - a potion of might {unknown}


   Skills:
 + Level 5.6 Fighting
 + Level 3.1 Short Blades
 + Level 3.1 Long Blades
 + Level 3.1 Axes
 + Level 3.1 Maces & Flails
 + Level 5.6 Polearms
 + Level 3.1 Staves
 + Level 3.1 Slings
 + Level 3.1 Bows
 + Level 3.1 Crossbows
 + Level 4.1 Throwing
 + Level 4.1 Armour
 + Level 5.6 Dodging
 + Level 3.1 Stealth
 + Level 3.1 Shields
 + Level 3.1 Unarmed Combat
 + Level 5.9 Spellcasting
 + Level 2.5 Conjurations
 + Level 2.5 Hexes
 + Level 2.5 Summonings
 + Level 2.5 Necromancy
 + Level 6.0 Translocations
 + Level 2.5 Transmutations
 + Level 2.5 Fire Magic
 + Level 2.5 Ice Magic
 + Level 2.5 Air Magic
 + Level 2.5 Earth Magic
 + Level 2.5 Poison Magic
 + Level 3.4 Invocations
 + Level 3.1 Evocations


You had 16 spell levels left.
You knew the following spells:

 Your Spells              Type           Power      Damage    Failure   Level
a - Blink                 Tloc           38%        N/A       1%          2

Your spell library contained the following spells:

 Spells                   Type           Power      Damage    Failure   Level
 Gell's Gravitas          Tloc           19%        N/A       1%          3
 Lesser Beckoning         Tloc           19%        N/A       1%          3
 Teleport Other           Tloc           19%        N/A       1%          3
 Animate Skeleton         Necr           20%        N/A       2%          1
 Pain                     Necr           40%        1d6       2%          1
 Passage of Golubria      Tloc           19%        N/A       6%          4
 Tukima's Dance           Hex            10%        N/A       8%          3
 Vampiric Draining        Necr           10%        2d6       8%          3
 Manifold Assault         Tloc           19%        N/A       16%         5
 Yara's Violent Unravell  Hex/Tmut       5%         3d4       52%         5


Dungeon Overview and Level Annotations

Branches:
Dungeon (5/15)
 Temple: D:4-7

Altars:
Elyvilon
Hepliaklqana
Nemelex Xobeh
Xom


Innate Abilities, Weirdness & Mutations

You have very sharp teeth.
Your uncanny sense of smell can sniff out nearby items.
Your experience applies equally to all skills.


Message History

Casting: Blink (safe; 1% risk of failure)
Confirm with . or Enter, or press ? or * to list all spells.
You miscast Blink.
You are very lightly contaminated with residual magic.
Nothing appears to happen.
The hound misses you. The jackal barely misses you.
The hound barely misses you. The ogre misses you. The white imp hits you.
* * * LOW HITPOINT WARNING * * *
The white imp freezes you.
* * * LOW HITPOINT WARNING * * *
Casting: Blink (safe; 1% risk of failure)
Confirm with . or Enter, or press ? or * to list all spells.
You blink.
A jelly comes into view.
Found a robe.
The steam dragon breathes steam at you. The ball of steam misses you.
The hound pauses to sniff the ground.
The jelly hits you.
* * * LOW HITPOINT WARNING * * *
You are splashed with acid!
Elyvilon protects you from harm!
You feel stable enough to blink again. The jelly closely misses you.
The orc wizard gestures wildly while chanting.
The orc wizard flickers and vanishes!
There is an open door here.
A sky beast appears from thin air!
Reactivating autopickup.
Your magical contamination has completely faded away.
The white imp puffs mist at you.
There is an open door here.
The centaur zombie barely misses you.
The centaur zombie kicks you but does no damage.
The orc priest invokes the aid of Beogh against you.
Beogh smites you! Elyvilon protects you from harm!
The centaur zombie barely misses you. x2
The orc priest invokes the aid of Beogh against you.
Beogh smites you!
You die...

#### ###### ######..#########
)....########.##..##....#......##
.###.#........#....JD...####.....
.# #...#.######..Y.##..## ###.##
.# #.#...#######@Z###'#'....##.#
.....##....##..#'##..D##....##.#
#######..#.'....##..oo.##..###.#
# #..###..o.#..{.5..# '# #.#
....# ##.Z##[O.8...# .##.# ####.#
##'##...hh.)# ∆ .#.# #.#
##o.##.....## ∆#.# #.#
#..Z5##...## #.# #.# #...S'#'###
#.#


You could see a steam dragon, an ice beast, a jelly, an orc priest, an orc, a
centaur zombie and a howler monkey skeleton (wandering).

Vanquished Creatures
  A necrophage (D:5)
  An ogre (D:5)
  A phantom (D:5)
  A kobold brigand (D:4)
  A wyvern zombie (D:5)
  2 water moccasin zombies (D:5)
  A scorpion (D:5)
  A water moccasin skeleton (D:5)
  A bullfrog skeleton (D:5)
  A hound (D:5)
  A centaur skeleton (D:4)
  An orc priest (D:5)
  Jessica (D:3)
  An orc wizard (D:5)
  An iguana (D:5)
  2 scorpion zombies (D:5)
  7 gnolls
  5 adders
  3 worms
  3 dart slugs
  7 orcs
  4 endoplasms
  4 giant cockroaches
  4 goblins
  6 hobgoblins
  4 jackals
  8 quokkas
  5 ball pythons
  5 bats
  4 frilled lizards
  9 kobolds
  5 rats
101 creatures vanquished.

Vanquished Creatures (others)
  An orc wizard (D:5)
  5 withered plants (D:5)
6 creatures vanquished.

Grand Total: 107 creatures vanquished

Notes
Turn   | Place    | Note
-------+----------+-------------------------------------------
     0 | D:1      | Ablot the Gnoll Warper began the quest for the Orb.
     0 | D:1      | Reached XP level 1. HP: 20/20 MP: 6/6
   681 | D:1      | Found a faded altar of an unknown god.
  1012 | D:2      | Reached XP level 2. HP: 17/26 MP: 7/7
  1015 | D:2      | Learned a level 2 spell: Blink
  1309 | D:2      | Reached XP level 3. HP: 29/31 MP: 9/9
  1392 | D:2      | Reached skill level 5 in Spellcasting
  1565 | D:2      | Reached skill level 1 in Invocations
  1775 | D:2      | Reached skill level 1 in Short Blades
  1775 | D:2      | Reached skill level 1 in Long Blades
  1775 | D:2      | Reached skill level 1 in Axes
  1775 | D:2      | Reached skill level 1 in Maces & Flails
  1775 | D:2      | Reached skill level 1 in Staves
  1775 | D:2      | Reached skill level 1 in Slings
  1775 | D:2      | Reached skill level 1 in Bows
  1775 | D:2      | Reached skill level 1 in Crossbows
  1775 | D:2      | Reached skill level 1 in Stealth
  1775 | D:2      | Reached skill level 1 in Shields
  1775 | D:2      | Reached skill level 1 in Unarmed Combat
  1775 | D:2      | Reached skill level 1 in Evocations
  1972 | D:2      | Reached XP level 4. HP: 36/38 MP: 11/11
  2579 | D:3      | Noticed Jessica
  2906 | D:3      | Reached skill level 1 in Conjurations
  2906 | D:3      | Reached skill level 1 in Hexes
  2906 | D:3      | Reached skill level 1 in Summonings
  2906 | D:3      | Reached skill level 1 in Necromancy
  2906 | D:3      | Reached skill level 1 in Transmutations
  2906 | D:3      | Reached skill level 1 in Fire Magic
  2906 | D:3      | Reached skill level 1 in Ice Magic
  2906 | D:3      | Reached skill level 1 in Air Magic
  2906 | D:3      | Reached skill level 1 in Earth Magic
  2906 | D:3      | Reached skill level 1 in Poison Magic
  2911 | D:3      | Killed Jessica
  2914 | D:3      | Reached XP level 5. HP: 4/43 MP: 12/12
  3393 | D:3      | Found a shimmering altar of Xom.
  3548 | D:3      | Found a white marble altar of Elyvilon.
  3555 | D:3      | Became a worshipper of Elyvilon the Healer
  4551 | D:4      | Noticed a kobold brigand
  4577 | D:4      | Killed a kobold brigand
  4578 | D:4      | Reached XP level 6. HP: 7/50 MP: 11/13
  4989 | D:4      | Found a sparkling altar of Nemelex Xobeh.
  5005 | D:4      | Reached skill level 5 in Fighting
  5005 | D:4      | Reached skill level 5 in Polearms
  5005 | D:4      | Reached skill level 5 in Dodging
  5024 | D:4      | Reached * piety under Elyvilon
  5296 | D:5      | Entered Level 5 of the Dungeon
  5487 | D:5      | Reached XP level 7. HP: 13/56 MP: 15/15
  6315 | D:5      | Found a hazy altar of Hepliaklqana.
  6533 | D:5      | Reached skill level 6 in Translocations
  6533 | D:5      | Reached XP level 8. HP: 38/63 MP: 16/16
  7005 | D:5      | Noticed a shadow
  7037 | D:5      | Elyvilon protects you from harm!
  7044 | D:5      | Elyvilon protects you from harm!
  7045 | D:5      | Killed from afar by an orc priest

Illustrated notes

Levels and vault maps discovered:
D:1:      eino_arrival_water_cross, layout_basic,
          hellmonk_ecumenical_altar_pennies_from_heaven, lemuel_flame_loot_1
D:2:      layout_basic
D:3:      layout_basic, nicolae_elyvilon_peaceful_grove,
          mainiacjoe_overflow_six_doors_small, minmay_circle_x, uniq_jessica
D:4:      layout_cave_pools, nemelex_xobeh_ov_fountains_minmay,
          gup_sewer_entry_pipe
D:5:      minmay_bubble_buster, layout_loops_ring,
          lemuel_coloured_pillars_altar, serial_undead, serial_undead_b,
          serial_undead_d, serial_undead_f, serial_undead_b

Skill      XL: |  1  2  3  4  5  6  7  8 |
---------------+-------------------------+-----
Spellcasting   | 5 |  5.9
Invocations    | 1 2 3 |  3.4
Short Blades   | 1 2 3 |  3.1
Long Blades    | 1 2 3 |  3.1
Axes           | 1 2 3 |  3.1
Maces & Flails | 1 2 3 |  3.1
Staves         | 1 2 3 |  3.1
Slings         | 1 2 3 |  3.1
Bows           | 1 2 3 |  3.1
Crossbows      | 1 2 3 |  3.1
Stealth        | 1 2 3 |  3.1
Shields        | 1 2 3 |  3.1
Unarmed Combat | 1 2 3 |  3.1
Evocations     | 1 2 3 |  3.1
Conjurations   | 1 2 |  2.5
Hexes          | 1 2 |  2.5
Summonings     | 1 2 |  2.5
Necromancy     | 1 2 |  2.5
Transmutations | 1 2 |  2.5
Fire Magic     | 1 2 |  2.5
Ice Magic      | 1 2 |  2.5
Air Magic      | 1 2 |  2.5
Earth Magic    | 1 2 |  2.5
Poison Magic   | 1 2 |  2.5
Throwing       | 3 4 |  4.1
Armour         | 3 4 |  4.1
Fighting       | 5 |  5.6
Polearms       | 5 |  5.6
Dodging        | 5 |  5.6
Translocations | 6 |  6.0

Action                   |  1- 3 |  4- 6 |  7- 9 || total
-------------------------+-------+-------+-------++-------
Melee: Spear             |    33 |       |       ||    33
       Bite              |     3 |    20 |    14 ||    37
       Punch             |     2 |    10 |     5 ||    17
       Short sword       |    38 |   222 |   112 ||   372
Throw: Dart              |       |     4 |       ||     4
 Cast: Blink             |       |     2 |     2 ||     4
  Use: Potion            |       |     1 |     2 ||     3
 Stab: Sleeping          |     1 |       |     1 ||     2
Armor: Leather armour    |    10 |    56 |       ||    66
       Robe              |       |     2 |    17 ||    19
Dodge: Dodged            |    31 |   158 |    86 ||   275
